 Dungeon Crawl Stone Soup version 0.28.0-53-g5a82cb258f (webtiles) character file.

Game seed: 9247075087213061578

245 Zeld the Ogre Mage (level 6, -1/53 HPs)
             Began as an Ogre Fire Elementalist on June 6, 2022.
             Slain by an orc
             ... wielding a +0 flail
              (7 damage)
             ... on level 3 of the Dungeon.
             The game lasted 00:02:58 (3479 turns).

Zeld the Ogre Mage (Ogre Fire Elementalist)         Turns: 3479, Time: 00:02:58

Health: -1/53      AC:  4    Str: 13    XL:     6   Next: 10%
Magic:  2/12       EV: 10    Int: 18    God:
Gold:   51         SH:  0    Dex:  9    Spells: 3/13 levels left

rFire   . . .      SeeInvis .   (no weapon)
rCold   . . .      Faith    .   (no shield)
rNeg    . . .      Spirit   .   a - +0 robe
rPois   .          Reflect  .   (helmet restricted)
rElec   .          Harm     .   g - +0 cloak
rCorr   .          Rampage  .   (gloves unavailable)
Will    .....                   (boots unavailable)
Stlth   +.........              (no amulet)
HPRegen 0.17/turn               (no ring)
MPRegen 0.13/turn               (no ring)

@: no status effects
A: large, unfitting armour, tough skin 1
a: no special abilities


You were on level 3 of the Dungeon.
You visited 1 branch of the dungeon, and saw 3 of its levels.

You collected 51 gold pieces.

Inventory:

Armour
 a - a +0 robe (worn)
 g - a +0 cloak (worn)
Scrolls
 c - a scroll of identify {unknown}
 d - a scroll of fear {unknown}
 e - a scroll of amnesia {unknown}
Potions
 b - a potion of degeneration {unknown}
 f - a potion of brilliance {unknown}


   Skills:
 + Level 2.7 Dodging
 - Level 1.4 Stealth
 * Level 4.4 Spellcasting
 + Level 2.2 Conjurations
 * Level 4.0 Fire Magic


You had 3 spell levels left.
You knew the following spells:

 Your Spells              Type           Power      Damage    Failure   Level
a - Foxfire               Conj/Fire      60%        2x1d7     3%          1
b - Scorch                Fire           36%        2d6       4%          2
c - Inner Flame           Hex/Fire       11%        N/A       19%         3
d - Flame Wave            Conj/Fire      15%        2d6       36%         4

Your spell library contained the following spells:

 Spells                   Type           Power      Damage    Failure   Level
 Conjure Flame            Conj/Fire      15%        6-21      12%         3
 Slow                     Hex            16%        N/A       14%         1
 Confusing Touch          Hex            4%         N/A       38%         3
 Vampiric Draining        Necr           4%         2d6       38%         3


Dungeon Overview and Level Annotations

Branches:
Dungeon (3/15)

Altars:


Innate Abilities, Weirdness & Mutations

You are too large for most types of armour.
You have tough skin. (AC +1)


Message History

Casting: Scorch (safe; 4% risk of failure)
Confirm with . or Enter, or press ? or * to list all spells.
You don't have enough magic to cast this spell.
Unknown command.
An orc comes into view. It is wielding a +0 short sword.
Things that are here:
a +0 whip; a +0 ring mail; an orc corpse You closely miss the orc.
The orc barely misses you. The orc hits you with a +0 whip.
You hit the orc.
The orc is moderately wounded.
The orc barely misses you.
An orc comes into view. It is wielding a +0 dagger.
An orc comes into view. It is wielding a +0 short sword.
The orc hits you with a +0 whip.
Your magical contamination has completely faded away.
The orc shouts!
You hit the orc but do no damage.
The orc is moderately wounded.
The orc hits you with a +0 flail. The orc hits you but does no damage.
You barely miss the orc.
The orc is moderately wounded.
The orc barely misses you. The orc hits you with a +0 whip.
You closely miss the orc.
The orc is moderately wounded.
The orc hits you with a +0 flail.
* * * LOW HITPOINT WARNING * * *
The orc hits you with a +0 whip.
* * * LOW HITPOINT WARNING * * *
Unknown command.
You hit the orc.
The orc is heavily wounded.
The orc hits you with a +0 flail.
* * * LOW HITPOINT WARNING * * *
The orc barely misses you.
Unknown command.
You hit the orc.
The orc is severely wounded.
The orc hits you with a +0 flail!
You die...

#####################.###.
†...)........(oo@oooo.....
##########.....######.###.
######.#.#..#...
.............#.#
#########.##...###
#.##..o.g.
##########......###
#..........##.#.#.#
#.#........##)# ..# #


You could see 6 orcs.

Vanquished Creatures
  A scorpion (D:3)
  Crazy Yiuf (D:2)
  An orc priest (D:3)
  Robin (D:2)
  3 adders
  3 worms (D:2)
  2 dart slugs (D:2)
  2 orcs (D:3)
  6 ball pythons
  7 bats
  4 endoplasms
  5 giant cockroaches
  14 goblins
  9 hobgoblins
  A quokka (D:1)
  6 frilled lizards
  3 kobolds (D:2)
  7 rats
76 creatures vanquished.

Vanquished Creatures (others)
  47 foxfires (D:1)
  A plant (D:3)
48 creatures vanquished.

Grand Total: 124 creatures vanquished

Notes
Turn   | Place    | Note
-------+----------+-------------------------------------------
     0 | D:1      | Zeld the Ogre Fire Elementalist began the quest for the
                  | Orb.
     0 | D:1      | Reached XP level 1. HP: 16/16 MP: 3/3
    50 | D:1      | Reached skill level 1 in Conjurations
   255 | D:1      | Reached XP level 2. HP: 24/24 MP: 0/5
   326 | D:1      | Learned a level 2 spell: Scorch
   841 | D:1      | Found a faded altar of an unknown god.
   887 | D:1      | Reached XP level 3. HP: 31/31 MP: 1/7
   895 | D:1      | Learned a level 3 spell: Inner Flame
  1255 | D:2      | Noticed Robin
  1258 | D:2      | Killed Robin
  1601 | D:2      | Reached XP level 4. HP: 38/39 MP: 1/9
  2160 | D:2      | Learned a level 4 spell: Flame Wave
  2472 | D:2      | Found a runed translucent door.
  2473 | D:2      | Noticed Crazy Yiuf
  2903 | D:2      | Killed Crazy Yiuf
  2904 | D:2      | Reached XP level 5. HP: 30/45 MP: 1/11
  3227 | D:3      | Noticed a sky beast
  3471 | D:3      | Reached XP level 6. HP: 29/53 MP: 3/12
  3479 | D:3      | Slain by an orc

Illustrated notes

Levels and vault maps discovered:
D:1:      dpeg_arrival_solitude, layout_rooms, dreamdust_ecumenical_altar_grove
D:2:      layout_basic, nicolae_figureground_sparkle, uniq_robin,
          uniq_crazy_yiuf_cottage
D:3:      layout_basic, serial_shops, nicolae_shop_hallway_plus,
          gup_sewer_entry_bubbles, serial_bayou_pond_a

Skill      XL: |  1  2  3  4  5 |
---------------+----------------+-----
Conjurations   | 1 2 |  2.2
Fire Magic     | 3 4 |  4.0
Dodging        | 2 |  2.7
Spellcasting   | 3 4 |  4.4
Stealth        | |  1.4

Action                   |  1- 3 |  4- 6 || total
-------------------------+-------+-------++-------
Melee: Unarmed           |    69 |    24 ||    93
       Punch             |       |     1 ||     1
 Cast: Foxfire           |    31 |       ||    31
       Scorch            |    26 |    50 ||    76
 Stab: Sleeping          |     2 |       ||     2
Armor: Robe              |    43 |     9 ||    52
Dodge: Dodged            |    63 |    22 ||    85
